 Dungeon Crawl Stone Soup version 0.31-a0-1376-g36f0627844 (webtiles) character file.

Game seed: 15200947168798492057

19 Migho the Sneak (level 2, 0/19 HPs)
             Began as a Tengu Delver on Dec 24, 2023.
             Killed by nerve-wracking pain
             ... invoked by Menkaure
              (7 damage)
             ... on level 5 of the Dungeon.
             The game lasted 00:07:06 (454 turns).

Migho the Sneak (Tengu Delver)                       Turns: 454, Time: 00:07:07

Health: 0/19       AC:  3    Str: 12    XL:     2   Next: 75%
Magic:  3/3        EV: 27    Int: 10    God:
Gold:   14         SH:  0    Dex: 15    Spells: 1/1 levels left

rFire   . . .        a - +0 hand axe
rCold   . . .        (no shield)
rNeg    . . .        b - +0 leather armour
rPois   .            (helmet restricted)
rElec   .            (no cloak)
rCorr   .            (no gloves)
SInv    .            (boots unavailable)
Will    .....        (no amulet)
Stlth   +++          (no ring)
HPRegen 0.23/turn    (no ring)
MPRegen 0.08/turn

%: acrobat
@: acrobatic
A: beak, talons 3, acrobatic
a: no special abilities


You were on level 5 of the Dungeon.
You visited 1 branch of the dungeon, and saw 1 of its levels.

You collected 14 gold pieces.

Inventory:

Hand Weapons
 a - a +0 hand axe (weapon)
Missiles
 h - 4 boomerangs
Armour
 b - a +0 leather armour (worn)
Wands
 g - a wand of digging (3)
Scrolls
 c - a scroll of fog
 d - a scroll of revelation
 e - a scroll of fear
Potions
 f - a potion of haste


   Skills:
 + Level 3.1 Fighting
 + Level 2.3 Axes
 + Level 2.2 Dodging
 + Level 5.5 Stealth


You had one spell level left.
You didn't know any spells.
Your spell library was empty.

Dungeon Overview and Level Annotations

Branches:
Dungeon (5/15)
 Temple: D:4-7

Altars:

Annotations:
D:5 Menkaure


Innate Abilities, Weirdness & Mutations

You have a beak for a mouth.
You have claws for feet.
You can magically evade attacks while moving or waiting.


Message History

The adder bites you. x2
You are poisoned.
The adder poisons you!
You slash the adder!
You kill the adder!
You feel sick.
You start resting.
You feel sick. x2
You are no longer poisoned.
You start resting.
HP restored.
There are no items here.
You see here 4 boomerangs.
h - 4 boomerangs
Found a ring mail.
Found a stone staircase leading down.
Menkaure, Prince of Dust comes into view.
Menkaure casts a spell.
Menkaure seems to speed up.
You see here a +0 ring mail.
Menkaure shrieks, "Why can't you leave me to my rest?"
Menkaure points at you and mumbles some strange words.
You barely resist.
Menkaure calls on the powers of darkness!
Your body is wracked with pain!
Menkaure casts a spell at you. Pain shoots through your body!
* * * LOW HITPOINT WARNING * * *
Menkaure's bandages flutter.
Menkaure casts a spell at you. Pain shoots through your body!
* * * LOW HITPOINT WARNING * * *
Menkaure shouts, "Why can't you leave me to my rest?"
You see here a +0 whip.
Menkaure calls on the powers of darkness!
Your body is wracked with pain!
* * * LOW HITPOINT WARNING * * *
Menkaure breathes soot at you. Menkaure casts a spell at you.
Pain shoots through your body!
You die...

#>....### #.#.[M#####
#.###.....##
#.#######..######
#................
#............###.
#.#............#
#.#.########...#
#.#.#......@.#.#.## #......
#.#.#.####.#.#..... #......
#.#.#.#....#.#.#.#.###......
#.#.#.#..#.#.#.#.#..##......
#.#.#.#..#.#.#.#.##.##......
#.#.#.####M#.#.#............
#.#.#.......................
#.#.#######...........>.....
#M#...................#####.


You could see Menkaure.

Vanquished Creatures
  A gnoll (D:5)
  An adder (D:5)
2 creatures vanquished.

Notes
Turn   | Place    | Note
-------+----------+-------------------------------------------
     0 | D:5      | Migho the Tengu Delver began the quest for the Orb.
     0 | D:5      | Reached XP level 1. HP: 14/14 MP: 2/2
   249 | D:5      | Reached XP level 2. HP: 6/19 MP: 3/3
   406 | D:5      | Noticed Menkaure
   454 | D:5      | Killed from afar by Menkaure

Illustrated notes

Levels and vault maps discovered:
D:5:      layout_basic, kennysheep_generic_room_12, uniq_menkaure

Action                     || total
---------------------------++-------
  Melee: Hand axe          ||    11
         Kick              ||     2
         Peck              ||     1
   Stab: Sleeping          ||     1
 Armour: Leather armour    ||     7
  Dodge: Dodged            ||     6

Table legend: (Time is in decaauts)
 A = Elapsed time spent in this place.
 B = Non-inter-level travel time spent in this place.
 C = Inter-level travel time spent in this place.
 D = Time resting spent in this place.
 E = Time spent auto-exploring this place.
 F = Levels seen in this place.
 G = Mean time per level.
                   A        B        C        D        E       F      G
               +--------+--------+--------+--------+--------+-----+--------+
         Total |    456 |    449 |      7 |    193 |      0 |   1 |  456.0 |
       Dungeon |    456 |    449 |      7 |    193 |      0 |   1 |  456.0 |
               +--------+--------+--------+--------+--------+-----+--------+

Top non-repeatable levels by time:
     D:5: 456 daAuts
